 Dungeon Sprint DCSS version 0.21.2 (webtiles) character file.

13987 Fang the Severer (level 12, -2/132 HPs)
             Began as a Gargoyle Berserker on Dec 19, 2018.
             Was the Champion of Trog.
             Slain by Mnoleg (26 damage)
             ... in the Dungeon (Sprint VII: "The Pits").
             The game lasted 00:07:58 (3442 turns).

Fang the Severer (Gargoyle Berserker)               Turns: 3442, Time: 00:07:59

Health: -2/132     AC: 21    Str: 29    XL:     12   Next: 11%
Magic:  3/3        EV: 18    Int:  8    God:    Trog [******]
Gold:   14         SH:  0    Dex:  9    Spells: 11/11 levels left

rFire    . . .     SeeInvis +   n - +6 executioner's axe (antimagic)
rCold    . . .     Gourm    .   (shield currently unavailable)
rNeg     + . .     Faith    .   t - +5 ring mail
rPois    ∞         Spirit   .   (no helmet)
rElec    +         Reflect  .   (no cloak)
rCorr    .         Harm     .   (no gloves)
MR       .....     NoTele   +   (no boots)
Stlth    ..........             (no amulet)
HPRegen  0.32/turn              p - +3 ring of evasion
MPRegen  0.08/turn              D - ring of see invisible

@: berserking (expiring), very quick
A: deterioration 1, low mp 1, negative energy resistance 1, electricity
resistance, weak 1, unbreathing, petrification resistance, rot immunity, AC +8
a: Berserk, Trog's Hand, Brothers in Arms, Burn Spellbooks, Renounce Religion


You were in the Dungeon.
You worshipped Trog.
Trog was exalted by your worship.
You were hungry.

You visited 1 branch You collected 14 gold pieces.

Inventory:

Hand Weapons
 j - a +0 broad axe of venom
 m - a +1 hand axe of freezing
 n - a +6 antimagic executioner's axe (weapon)
 s - a +2 war axe of chopping
Armour
 t - a +5 ring mail (worn)
Jewellery
 p - a +3 ring of evasion (left hand)
 r - a +3 ring of intelligence
 D - a ring of see invisible (right hand)
Scrolls
 i - 2 scrolls of blinking
 k - 5 scrolls of remove curse
 l - a scroll of summoning
 v - 2 scrolls of enchant weapon
 y - a scroll of identify
 A - 5 scrolls of enchant armour
 B - a scroll of fog
 C - a scroll of fear
Potions
 a - 2 potions of invisibility
 b - a potion of ambrosia {unknown}
 d - 9 potions of curing
 e - 10 potions of heal wounds
 f - 2 potions of haste
 g - 4 potions of magic
 h - 5 potions of berserk rage
 o - a potion of cancellation {unknown}
 q - 3 potions of agility
 u - a potion of resistance
 x - 3 potions of brilliance
 z - 2 potions of might
Comestibles
 c - 11 rations


   Skills:
 + Level 15.9 Fighting
 + Level 19.0 Axes
 + Level 10.8 Armour
 + Level 8.8 Dodging
 + Level 4.0 Stealth


You had 11 spell levels left.
You didn't know any spells.

Dungeon Overview and Level Annotations

Branches:
Dungeon (1/1)

Altars:
Ashenzari
Cheibriados
Dithmenos
Elyvilon
Fedhas
Gozag
Hepliaklqana
Kikubaaqudgha
Makhleb
Nemelex Xobeh
Okawaru
Qazlal
Ru
Sif Muna
Trog
Uskayaw
Vehumet
Wu Jian
Xom
Yredelemnul
Zin
The Shining One
Beogh
Jiyva
Lugonu

Annotations:
D Mnoleg


Innate Abilities, Weirdness & Mutations

You are resistant to torment.
Your stone body is resilient. (AC +8)
You are immune to poison.
You resist negative energy. (rN+)
You are resistant to electric shocks. (rElec)
You can survive without breathing.
You are immune to petrification.
You are immune to rotting.
Your body sometimes deteriorates upon taking damage.
Your magical capacity is low. (-10% MP)
You are weak. (Str -2)


Message History

You completely miss Mnoleg. Mnoleg claws you!! Mnoleg tentacle-slaps you!
You feel yourself wasting away. Mnoleg gores you. Mnoleg closely misses you.
The tentacled monstrosity tentacle-slaps you.
The tentacled monstrosity tentacle-slaps you but does no damage.
The tentacled monstrosity tentacle-slaps you.
The tentacled monstrosity grabs you.
The tentacled monstrosity constricts you.
You chop Mnoleg into pieces!!!
Mnoleg's magic leaks into the air.
Mnoleg is lightly wounded.
You open the tentacled monstrosity like a pillowcase!!!
You kill the tentacled monstrosity!
Mnoleg claws you!!
* * * LOW HITPOINT WARNING * * *
Mnoleg tentacle-slaps you but does no damage.
Mnoleg closely misses you. Mnoleg completely misses you.
You cut Mnoleg into ribbons!!!
Mnoleg's magic leaks into the air.
Mnoleg is moderately wounded.
Mnoleg claws you!!
You die...

#+# #X# #&# #@#
#'#
################'#
..)÷.............#
..)).............#
+##############).#
#).# #..# #..#


You could see Mnoleg and a large abomination.

Vanquished Creatures
  A vampire knight (D)
  Azrael (D)
  A merfolk impaler (D)
  A centaur warrior (D)
  A two-headed ogre (D)
  A sea snake (D)
  A deep elf mage (D)
  Maurice (D)
  A black mamba (D)
  A rust devil (D)
  2 molten gargoyles (D)
  A spiny frog (D)
  A guardian mummy (D)
  2 merfolk (D)
  A hornet (D)
  A flying skull (D)
  A redback (D)
  2 spriggans (D)
  A wyvern (D)
  A wraith (D)
  4 fire elementals (D)
  Eustachio (D)
  A basilisk (D)
  A steam dragon (D)
  A warg (D)
  3 hell hounds (D)
  A sky beast (D)
  An eye of draining (D)
  2 centaurs (D)
  3 big kobolds (D)
  A bullfrog (D)
  3 wights (D)
  A gnoll shaman (D)
  An iguana (D)
  Jessica (D)
  2 worker ants (D)
  A hell rat (D)
  An orc wizard (D)
  5 gnolls (D)
  2 adders (D)
  An ooze (D)
  An adder skeleton (D)
  3 orcs (D)
  A bat (D)
  2 goblins (D)
  A hobgoblin (D)
  2 jackals (D)
  2 kobolds (D)
  2 ball pythons (D)
  A ball python skeleton (D)
  2 frilled lizards (D)
77 creatures vanquished.

Vanquished Creatures (collateral kills)
  A spriggan (D)
  An unseen horror (D)
  A swamp dragon (D)
  An orc knight (D)
  A cyclops (D)
  An orange demon (D)
  2 kobold demonologists (D)
  A demonic crawler (D)
  A hornet (D)
  4 blink frogs (D)
  2 vampire mosquitoes (D)
  A soldier ant (D)
  A swamp drake (D)
  An orc warrior (D)
  2 ogres (D)
  3 big kobolds (D)
  A mummy (D)
  A white imp (D)
  A ball python (D)
  5 kobolds (D)
32 creatures vanquished.

Vanquished Creatures (others)
  A hound (D)
1 creature vanquished.

Grand Total: 110 creatures vanquished

Notes
Turn   | Place    | Note
-------+----------+-------------------------------------------
     0 | D        | Fang the Gargoyle Berserker began the quest for the Orb.
     0 | D        | Reached XP level 1. HP: 14/14 MP: 1/1
    15 | D        | Reached skill level 3 in Axes
    57 | D        | Reached ** piety under Trog
    75 | D        | Reached XP level 2. HP: 17/20 MP: 2/2
   123 | D        | Reached *** piety under Trog
   125 | D        | Reached skill level 5 in Fighting
   125 | D        | Reached skill level 4 in Axes
   125 | D        | Reached XP level 3. HP: 16/26 MP: 3/3
   341 | D        | Found a bloodstained altar of Trog.
   341 | D        | Found a deep blue altar of Sif Muna.
   341 | D        | Found a viscous altar of Jiyva.
   341 | D        | Found a hazy altar of Hepliaklqana.
   341 | D        | Found an opulent altar of Gozag.
   342 | D        | Found a glowing golden altar of the Shining One.
   342 | D        | Found a glowing silver altar of Zin.
   342 | D        | Found a basalt altar of Yredelemnul.
   342 | D        | Found a shimmering altar of Xom.
   342 | D        | Found an ornate altar of the Wu Jian Council.
   342 | D        | Found a sacrificial altar of Ru.
   342 | D        | Found a stormy altar of Qazlal.
   342 | D        | Found an iron altar of Okawaru.
   342 | D        | Found a sparkling altar of Nemelex Xobeh.
   342 | D        | Found a burning altar of Makhleb.
   342 | D        | Found a blossoming altar of Fedhas.
   342 | D        | Found a white marble altar of Elyvilon.
   342 | D        | Found a shadowy altar of Dithmenos.
   342 | D        | Found a snail-covered altar of Cheibriados.
   343 | D        | Found a radiant altar of Vehumet.
   343 | D        | Found a corrupted altar of Lugonu.
   343 | D        | Found a roughly hewn altar of Beogh.
   344 | D        | Found a hide-covered altar of Uskayaw.
   344 | D        | Found an ancient bone altar of Kikubaaqudgha.
   344 | D        | Found a shattered altar of Ashenzari.
   370 | D        | Noticed a big kobold
   371 | D        | Noticed a centaur
   374 | D        | Reached **** piety under Trog
   376 | D        | Killed a centaur
   376 | D        | Reached skill level 6 in Axes
   376 | D        | Reached XP level 4. HP: 34/34 MP: 4/4
   376 | D        | Reached XP level 5. HP: 38/38 MP: 5/5
   380 | D        | Killed a big kobold
   380 | D        | Reached skill level 7 in Axes
   423 | D        | Reached ***** piety under Trog
   423 | D        | Reached XP level 6. HP: 45/45 MP: 6/6
   432 | D        | Reached skill level 8 in Axes
   432 | D        | Reached skill level 5 in Armour
   434 | D        | Noticed a deep elf mage
   434 | D        | Noticed a sky beast
   444 | D        | Killed a sky beast
   444 | D        | Reached skill level 9 in Axes
   444 | D        | Reached XP level 7. HP: 39/52 MP: 7/7
   447 | D        | Killed a deep elf mage
   447 | D        | Reached skill level 10 in Fighting
   447 | D        | Reached skill level 10 in Axes
   447 | D        | Reached skill level 5 in Dodging
   449 | D        | Received a gift from Trog
   590 | D        | Noticed a steam dragon
   595 | D        | Reached XP level 8. HP: 47/59 MP: 2/8
   596 | D        | Reached skill level 11 in Axes
   972 | D        | Noticed a spiny frog
   973 | D        | Noticed Jessica
   979 | D        | Killed Jessica
   980 | D        | Killed a spiny frog
  1013 | D        | Noticed a guardian mummy
  1026 | D        | Killed a guardian mummy
  1026 | D        | Reached skill level 12 in Axes
  1026 | D        | Reached skill level 1 in Stealth
  1027 | D        | Received a gift from Trog
  1027 | D        | Reached ****** piety under Trog
  1316 | D        | Noticed a two-headed ogre
  1316 | D        | Noticed Maurice
  1321 | D        | Killed a two-headed ogre
  1321 | D        | Reached skill level 13 in Axes
  1321 | D        | Reached XP level 9. HP: 66/66 MP: 3/9
  1322 | D        | Killed Maurice
  1435 | D        | Noticed a sea snake
  1443 | D        | Killed a sea snake
  1443 | D        | Reached skill level 14 in Axes
  1678 | D        | Received a gift from Trog
  1679 | D        | Reached XP level 10. HP: 72/72 MP: 3/10
  1750 | D        | Noticed a molten gargoyle
  1780 | D        | Killed a molten gargoyle
  2009 | D        | Noticed a kobold demonologist
  2010 | D        | Noticed an orange demon
  2011 | D        | Reached skill level 15 in Axes
  2012 | D        | Noticed an orc knight
  2014 | D        | Received a gift from Trog
  2018 | D        | Noticed a swamp dragon
  2021 | D        | Killed a swamp dragon
  2023 | D        | Received a gift from Trog
  2026 | D        | Killed a kobold demonologist
  2029 | D        | Killed an orc knight
  2031 | D        | Killed an orange demon
  2035 | D        | Reached skill level 16 in Axes
  2036 | D        | Received a gift from Trog
  2086 | D        | Noticed a spriggan rider
  2087 | D        | Killed an unseen horror
  2094 | D        | Killed a spriggan rider
  2094 | D        | Reached XP level 11. HP: 68/80 MP: 3/11
  2107 | D        | Received a gift from Trog
  2121 | D        | Noticed a cyclops
  2124 | D        | Reached skill level 10 in Armour
  2127 | D        | Received a gift from Trog
  2127 | D        | Killed a cyclops
  2127 | D        | Reached skill level 17 in Axes
  2409 | D        | Noticed a merfolk impaler
  2418 | D        | Killed a merfolk impaler
  2679 | D        | Noticed a centaur warrior
  2686 | D        | Killed a centaur warrior
  2686 | D        | Reached skill level 15 in Fighting
  2856 | D        | Received a gift from Trog
  3000 | D        | Reached skill level 18 in Axes
  3044 | D        | Noticed Azrael
  3046 | D        | Noticed a vampire knight
  3051 | D        | Received a gift from Trog
  3053 | D        | Killed a vampire knight
  3058 | D        | Killed Azrael
  3058 | D        | Reached XP level 12. HP: 22/88 MP: 4/12
  3364 | D        | Noticed Eustachio
  3369 | D        | Killed Eustachio
  3369 | D        | Received a gift from Trog
  3372 | D        | Reached skill level 19 in Axes
  3430 | D        | Noticed Mnoleg
  3432 | D        | Gained mutation: You are weak. (Str -2) [Mnoleg's mutagenic touch]
  3437 | D        | Gained mutation: Your magical capacity is low. (-10% MP) [Mnoleg's mutagenic touch]
  3439 | D        | Noticed a tentacled monstrosity
  3440 | D        | Gained mutation: Your body sometimes deteriorates upon taking damage. [Mnoleg's mutagenic touch]
  3442 | D        | Slain by Mnoleg

Skill      XL: |  1  2  3  4  5  6  7  8  9 10 11 12 |
---------------+-------------------------------------+-----
Axes           | 3 4 6 7 9 10 13 14 16 18 19 | 19.0
Fighting       | 4 5 7 8 9 10 12 14 15 | 15.9
Dodging        | 2 3 4 5 6 7 8 |  8.8
Armour         | 3 4 5 6 7 8 9 10 | 10.8
Stealth        | 1 2 3 4 |  4.0

Action                   |  1- 3 |  4- 6 |  7- 9 | 10-12 || total
-------------------------+-------+-------+-------+-------++-------
Melee: Hand axe          |    17 |    23 |     5 |       ||    45
       Battleaxe         |       |       |     4 |       ||     4
       War axe           |       |       |    21 |       ||    21
       Executioner's axe |       |       |    20 |    70 ||    90
       Broad axe         |       |       |       |    42 ||    42
Invok: Berserk           |     2 |     1 |     4 |     6 ||    13
       Brothers in Arms  |       |       |       |     3 ||     3
 Stab: Distracted        |       |       |       |     1 ||     1
  Eat: Chunk             |       |       |     8 |     6 ||    14
       Ration            |       |       |       |     2 ||     2
Armor: Animal skin       |     5 |       |       |       ||     5
       Ring mail         |     4 |     9 |    25 |    50 ||    88
Dodge: Dodged            |    20 |    11 |    55 |    88 ||   174
